 Dungeon Sprint DCSS version 0.16-b1 (webtiles) character file.

3000000 Medar the Axe Maniac (level 18, -4/200 HPs)
             Began as a Mottled Draconian Monk on Mar 10, 2015.
             Was the Champion of Makhleb.
             Slain by a destroyer
             ... wielding a +9 great sword of slicing
              (186 damage)
             ... in the Dungeon (Sprint VIII: "Arena of Blood").
             The game lasted 00:01:33 (30 turns).

Medar the Axe Maniac (Mottled Draconian Monk)         Turns: 30, Time: 00:01:33

Health: -4/200     AC: 10    Str: 14    XL:     18   Next: 46%
Magic:  17/40      EV: 35    Int: 12    God:    Makhleb [******]
Gold:   0          SH:  0    Dex: 20    Spells: 0 memorised, 42 levels left

rFire  . . .     SeeInvis .     a - +∞ Axe of Woe
rCold  . . .     Clarity  .     (armour unavailable)
rNeg   . . .     SustAb   .     (no shield)
rPois  .         Gourm    .     (helmet restricted)
rElec  .         Spirit   .     (no cloak)
rCorr  .         Warding  .     (no gloves)
rMut   .         NoTele   +     (no boots)
MR     +....                    (no amulet)
Stlth  +++++.....               (no ring)
                                (no ring)

@: somewhat resistant to hostile enchantments, quite stealthy
A: breathe sticky flames, unfitting armour, cold-blooded, AC +10
a: Breathe Sticky Flame, Minor Destruction, Lesser Servant of Makhleb, Major
Destruction, Greater Servant of Makhleb, Renounce Religion


You were in the Dungeon.
You worshipped Makhleb.
Makhleb was exalted by your worship.
You were not hungry.

You visited 1 branch

Inventory:

Hand weapons
 a - the +∞ Axe of Woe (weapon)
   (You found it in the Dungeon)
Scrolls
 h - a scroll of blinking
Potions
 c - a potion of curing {@q1}
 d - a potion of heal wounds
 e - a potion of haste
 f - 2 potions of magic
 g - a potion of berserk rage {!q}
Comestibles
 b - a bread ration


   Skills:
 O Level 27 Fighting
 O Level 27 Axes
 + Level 12.7 Throwing
 O Level 27 Dodging
 + Level 13.9 Stealth
 + Level 14.2 Unarmed Combat
 + Level 12.7 Spellcasting
 O Level 27 Invocations


You had 42 spell levels left.
You didn't know any spells.

Dungeon Overview and Level Annotations

Branches:
Dungeon (1/1)

Altars:
Makhleb


Innate Abilities, Weirdness & Mutations

You can spit globs of burning liquid.
You can ignite nearby creatures when you spit burning liquid.
Your weird mottled scales are hard (AC +10).
Your body does not fit into most forms of armour.
Your cold-blooded metabolism reacts poorly to cold.


Message History

You hit the large bag of meat.
You slaughter the large bag of meat joyfully.
The large bag of meat explodes!
The fiery explosion engulfs you!
The fiery explosion engulfs the bag of meat. x2
You hear an explosion!
Makhleb accepts your kill.
You feel a little better.
Your Throwing skill increases to level 12!
Your Stealth skill increases to level 13!
Your Unarmed Combat skill gained 2 levels and is now at level 14!
Your Spellcasting skill increases to level 12!
You are engulfed in roaring flames.
You hear a shout! x15 2 orcs come into view.
Unknown command.
You hear a shout! x3
The destroyer hits you with a +9 great sword of slicing!!!!!
Ouch! That really hurt!
You die...

... .o #.o. ..#
#... ..# .###...
..###.
......o###......
#.. ....._..§..
.... #.....# .....
#_.<._# .
......O#)@Voo#.....
#.VO..o§o_o.......
....o..§§###.o.....
oo.###§§o ..###. o.
#.... ..# #..... .#
........o
.......... ........


You could see 2 destroyers, a meat berserker (berserk) and 10 bags of meat.

Vanquished Creatures
  A hill giant (D)
  6 ogres (D)
  15 orcs (D)
22 creatures vanquished.

Notes
Turn   | Place    | Note
--------------------------------------------------------------
     0 | D        | Medar, the Draconian Monk, began the quest for the Orb.
     0 | D        | Reached XP level 1. HP: 19/19 MP: 1/1
     3 | D        | Noticed a bag of meat
     3 | D        | Noticed a bag of meat
     3 | D        | Noticed a bag of meat
     4 | D        | Noticed a bag of meat
     4 | D        | Noticed a bag of meat
     5 | D        | Noticed a bag of meat
     5 | D        | Noticed a bag of meat
     5 | D        | Became a worshipper of Makhleb the Destroyer
     5 | D        | Acquired Makhleb's first power
     5 | D        | Acquired Makhleb's second power
     6 | D        | Noticed a bag of meat
     7 | D        | Killed a bag of meat
     7 | D        | Reached skill level 15 in Fighting
     7 | D        | Reached skill level 18 in Axes
     7 | D        | Reached XP level 2. HP: 22/48 MP: 2/2
     7 | D        | Reached XP level 3. HP: 25/55 MP: 3/3
     7 | D        | Reached XP level 4. HP: 28/62 MP: 4/4
     7 | D        | Reached XP level 5. HP: 31/69 MP: 5/5
     7 | D        | Reached XP level 6. HP: 34/77 MP: 6/6
     7 | D        | Your scales start taking on a weird mottled pattern.
     7 | D        | Reached XP level 7. HP: 36/83 MP: 7/7
     7 | D        | Reached XP level 8. HP: 39/91 MP: 8/8
     7 | D        | Reached XP level 9. HP: 41/97 MP: 9/9
     7 | D        | Reached XP level 10. HP: 44/105 MP: 10/10
     7 | D        | Reached XP level 11. HP: 46/112 MP: 11/11
     8 | D        | Noticed a bag of meat
     8 | D        | Noticed a bag of meat
     8 | D        | Killed a bag of meat
     8 | D        | Reached skill level 21 in Axes
     8 | D        | Reached skill level 15 in Dodging
     8 | D        | Reached XP level 12. HP: 27/125 MP: 12/12
     9 | D        | Killed a bag of meat
     9 | D        | Acquired Makhleb's third power
     9 | D        | Reached skill level 22 in Axes
     9 | D        | Reached XP level 13. HP: 84/136 MP: 13/13
    10 | D        | Killed a bag of meat
    10 | D        | Reached skill level 24 in Axes
    12 | D        | Killed a bag of meat
    12 | D        | Acquired Makhleb's fourth power
    12 | D        | Reached skill level 25 in Axes
    12 | D        | Reached XP level 14. HP: 146/149 MP: 14/14
    13 | D        | Killed a bag of meat
    13 | D        | Reached skill level 26 in Axes
    14 | D        | Noticed a meat berserker
    15 | D        | Killed a bag of meat
    15 | D        | Reached skill level 27 in Axes
    15 | D        | Reached XP level 15. HP: 157/162 MP: 15/15
    16 | D        | Noticed a meat berserker
    16 | D        | Noticed a bag of meat
    17 | D        | Noticed a bag of meat
    17 | D        | Noticed a bag of meat
    17 | D        | Noticed a bag of meat
    17 | D        | Noticed a bag of meat
    17 | D        | Noticed a meat berserker
    18 | D        | Noticed a bag of meat
    19 | D        | Noticed a meat berserker
    19 | D        | Killed a bag of meat
    19 | D        | Acquired Makhleb's fifth power
    20 | D        | Noticed a bag of meat
    20 | D        | Noticed a bag of meat
    20 | D        | Killed a meat berserker
    20 | D        | Killed a bag of meat
    21 | D        | Noticed a meat berserker
    21 | D        | Noticed a bag of meat
    21 | D        | Noticed a bag of meat
    21 | D        | Killed a bag of meat
    21 | D        | Reached skill level 27 in Fighting
    21 | D        | Reached XP level 16. HP: 181/183 MP: 16/16
    21 | D        | Killed a meat berserker
    21 | D        | Killed a meat berserker
    21 | D        | Reached skill level 27 in Dodging
    22 | D        | Noticed a meat berserker
    22 | D        | Killed a meat berserker
    22 | D        | Killed a bag of meat
    22 | D        | Reached XP level 17. HP: 191/191 MP: 16/36
    23 | D        | Noticed a bag of meat
    23 | D        | Killed a bag of meat
    24 | D        | Noticed a bag of meat
    25 | D        | Noticed a bag of meat
    25 | D        | Noticed a bag of meat
    25 | D        | Noticed a bag of meat
    25 | D        | Killed a bag of meat
    26 | D        | Noticed a meat berserker
    26 | D        | Killed a bag of meat
    26 | D        | Reached skill level 27 in Invocations
    26 | D        | Reached skill level 5 in Stealth
    27 | D        | Noticed a bag of meat
    27 | D        | Noticed a destroyer
    27 | D        | Noticed a meat berserker
    27 | D        | Killed a meat berserker
    27 | D        | Killed a meat berserker
    27 | D        | Reached skill level 10 in Stealth
    27 | D        | Reached XP level 18. HP: 200/200 MP: 17/40
    28 | D        | Noticed a destroyer
    28 | D        | Noticed a large bag of meat
    28 | D        | Killed a bag of meat
    29 | D        | Noticed a bag of meat
    29 | D        | Noticed a bag of meat
    29 | D        | Killed a large bag of meat
    30 | D        | Noticed a bag of meat
    30 | D        | Noticed a bag of meat
    30 | D        | Slain by a destroyer

Action                   |  1- 3 |  4- 6 |  7- 9 | 10-12 | 13-15 | 16-18 || total
-------------------------+-------+-------+-------+-------+-------+-------++-------
Melee: Executioner's axe |     1 |       |       |     2 |     7 |     7 ||    17
